 Dungeon Crawl Stone Soup version 0.32-a0-918-g0f22ef8d61 (webtiles) character file.

Game seed: 3650995068655253732

3985 ezpacito the Chopper (level 10, -3/84 HPs)
             Began as a Coglin Chaos Knight on Apr 11, 2024.
             Was a Plaything of Xom.
             Slain by an ice beast (7 damage)
             ... on level 7 of the Dungeon.
             The game lasted 00:07:08 (6171 turns).

ezpacito the Chopper (Coglin Chaos Knight)          Turns: 6171, Time: 00:07:08

Health: -3/84      AC:  9    Str: 16    XL:     10   Next: 22%
Magic:  14/14      EV: 13    Int: 12    God:    Xom [.*....]
Gold:   208        SH:  0    Dex: 14    Spells: 8/14 levels left

rFire   + . .        a - +0 hand axe (chaos) {Sukanya}
rCold   + . .        q - +1 whip (venom) {Caesarion}
rNeg    . . .        i - +0 steam dragon scales
rPois   +            (no helmet)
rElec   +            (no cloak)
rCorr   +            (no gloves)
SInv    .            d - +0 pair of boots
Will    .....        (amulet unavailable)
Stlth   +            (ring unavailable)
HPRegen 1.14/turn    (ring unavailable)
MPRegen 0.14/turn    (no gizmo)

%: clarity
@: silenced, resistant, attractive, revved
A: off-hand wielding, slow wielding, warmup strikes, no jewellery, iridescent
scales 1, clarity, regeneration 1, robust 1
a: Invent Gizmo, Renounce Religion


You were on level 7 of the Dungeon.
You worshipped Xom.
You were a plaything of Xom.
You visited 1 branch of the dungeon, and saw 7 of its levels.
You also visited: Ossuary.

You collected 208 gold pieces.

Inventory:

Hand Weapons
 a - a +0 hand axe of chaos (weapon) {Sukanya}
 m - a +1 whip of electrocution
 o - a +0 spear
 q - a +1 whip of venom (offhand) {Caesarion}
Armour
 d - a +0 pair of boots (worn)
 i - +0 steam dragon scales (worn)
Talismans
 b - a flux talisman
 f - a maw talisman
Scrolls
 j - a scroll of enchant armour
 p - 3 scrolls of immolation
 t - 4 scrolls of teleportation
 B - a scroll of blinking
Potions
 c - a potion of enlightenment
 h - 2 potions of haste
 r - 3 potions of mutation


   Skills:
 * Level 6.4 Fighting
 * Level 6.4(7.3) Axes
 * Level 4.9(6.2) Polearms
 * Level 5.4 Armour
 * Level 5.0 Dodging
 + Level 2.9 Stealth
 + Level 2.7 Spellcasting
 + Level 2.5 Necromancy
 + Level 2.8 Alchemy
 + Level 2.0 Shapeshifting


You had 8 spell levels left.
You knew the following spells:

 Your Spells              Type           Power      Damage    Failure   Level
a - Cigotuvi's Dreadful   Necr/Alch/Air  10%        N/A       19%         2
b - Ignite Poison         Fire/Alch      5%         N/A       80%         4

Your spell library contained the following spells:

 Spells                   Type           Power      Damage    Failure   Level
 Animate Armour           Summ/Erth      2%         N/A       94%         4
 Summon Lightning Spire   Summ/Air       1%         N/A       94%         4
 Freezing Cloud           Conj/Ice/Air   0%         6-21      100%        5
 Lee's Rapid Deconstruct  Erth           0%         3d4*      100%        5
 Summon Forest            Summ/Tloc      0%         N/A       100%        5
 Eringya's Noxious Bog    Alch           4%         4d6       100%        6
 Malign Gateway           Summ/Tloc      0%         N/A       100%        7
 Summon Hydra             Summ           0%         N/A       100%        7
 Summon Horrible Things   Summ           0%         N/A       100%        8


Dungeon Overview and Level Annotations

Branches:
Dungeon (7/15)            Ossuary (visited)
 Temple: D:4-7

Altars:
Ashenzari
Dithmenos
Elyvilon
Fedhas
Gozag
Nemelex Xobeh
Qazlal
Uskayaw
Xom
The Shining One


Innate Abilities, Weirdness & Mutations

You can wield a second weapon in your off-hand.
It takes a long time for you to wield or remove held weapons.
Your first few attacks do less damage.
You cannot equip rings or amulets.
You are partially covered in iridescent scales. (AC +2)
You possess an exceptional clarity of mind.
Your natural rate of healing is unusually fast.
You are robust. (+10% HP)


Message History

* * * LOW HITPOINT WARNING * * *
You take 7 damage, and have 18/84 hp.
Magic scrolls do not work when you're silenced!
You hit the vampire with your +0 hand axe of chaos.
You freeze the vampire.
The vampire is heavily damaged.
You hit the ice beast with your +0 hand axe of chaos.
The ice beast is caught in a web!
You hit the vampire but do no damage.
The vampire hits the ice beast!
The ice beast is killed!
You catch the helpless vampire completely off-guard!
You hit the vampire but do no damage.
The vampire is heavily damaged.
You hit the ice beast but do no damage.
You catch the helpless vampire completely off-guard!
You hit the vampire but do no damage. The vampire hits you!
* * * LOW HITPOINT WARNING * * *
The vampire closely misses you. The ice beast closely misses you.
You take 16 damage, and have 3/84 hp.
You hit the vampire but do no damage.
The vampire is heavily damaged.
You hit the vampire but do no damage.
You hit the ice beast with your +0 hand axe of chaos.
The ice beast closely misses you. The vampire is attracted toward you.
You strike the helpless vampire from behind!
You hit the vampire but do no damage.
The vampire is heavily damaged.
You hit the ice beast but do no damage. You hit the vampire but do no damage.
The ice beast hits you but does no damage.
Okay, then.
You hit the vampire but do no damage.
The vampire looks weaker.
The vampire is heavily damaged.
You hit the ice beast with your +0 hand axe of chaos.
The ice beast seems to speed up.
You hit the vampire with your +1 whip of venom.
The ice beast hits you.
* * * LOW HITPOINT WARNING * * *
The ice beast freezes you! You resist.
You die...
Xom giggles madly!

.###Y###.#
.........#
........##
###.###.#
.. ..#.. #
.#.# §V#
.#
#Y##...##
#@§.....#
###V###.#
.. .# ..
.# #


You could see 2 vampires and an ice beast (fast).

Vanquished Creatures
  Prince Ribbit (D:5)
  A hornet (D:6)
  Sigmund (D:3)
  5 yaks (D:6)
  A golden eye (D:6)
  A steam dragon (D:6)
  A water moccasin (D:7)
  2 sky beasts (D:7)
  3 ice beasts
  A black bear (D:6)
  3 ogres (D:4)
  A weeping skull (Ossuary)
  2 bullfrogs
  6 water moccasin zombies (Ossuary)
  4 wights (D:6)
  Dowan (D:6)
  2 howler monkeys
  2 hounds (D:5)
  A bombardier beetle (D:4)
  A gnoll bouda (D:5)
  3 jellies
  Natasha (D:3)
  Terence (D:3)
  4 iguanas
  2 sleepcaps
  An orc wizard (D:7)
  A bullfrog simulacrum (Ossuary)
  A crocodile zombie (Ossuary)
  2 mummies (Ossuary)
  3 gnolls (D:5)
  10 adders
  3 shadow imps
  A white imp (D:5)
  4 ufetubi
  2 adder zombies (Ossuary)
  A ribbon worm (D:2)
  4 orcs
  11 endoplasms
  3 giant cockroaches
  5 gnoll zombies (Ossuary)
  6 goblins
  8 hobgoblins
  2 jackals (D:4)
  2 kobolds (D:1)
  5 quokkas
  12 ball pythons
  9 bats
  3 frilled lizards
  3 jackal zombies (Ossuary)
  4 orc zombies (Ossuary)
  3 rats
160 creatures vanquished.

Vanquished Creatures (collateral kills)
  A wight (D:6)
  A jelly (D:4)
2 creatures vanquished.

Vanquished Creatures (others)
  A shadow imp (D:6)
  An adder zombie (D:4)
2 creatures vanquished.

Grand Total: 164 creatures vanquished

Notes
Turn   | Place    | Note
-------+----------+-------------------------------------------
     0 | D:1      | ezpacito the Coglin Chaos Knight began the quest for the
                  | Orb.
     0 | D:1      | Reached XP level 1. HP: 18/18 MP: 1/1
   119 | D:1      | Reached skill level 1 in Dodging
   133 | D:1      | Reached XP level 2. HP: 23/24 MP: 2/2
   346 | D:1      | Reached XP level 3. HP: 29/29 MP: 3/3
   543 | D:2      | XOM is BORED!
   543 | D:2      | XOM: 3-stop teleportation journey
   587 | D:2      | XOM: cloud trail
   628 | D:2      | Reached skill level 1 in Polearms
   892 | D:2      | XOM: 2-stop teleportation journey
  1053 | D:2      | Reached XP level 4. HP: 35/35 MP: 4/4
  1414 | D:3      | Noticed Natasha
  1417 | D:3      | Killed Natasha
  1531 | D:3      | XOM: noise
  1610 | D:3      | Noticed Terence
  1616 | D:3      | Killed Terence
  1617 | D:3      | Reached XP level 5. HP: 22/42 MP: 5/5
  1796 | D:3      | Found a stormy altar of Qazlal.
  1796 | D:3      | Noticed Sigmund
  1796 | D:3      | XOM: 4-stop teleportation journey
  1802 | D:3      | XOM: enchant monster (good)
  1803 | D:3      | Killed Sigmund
  1804 | D:3      | Reached skill level 1 in Stealth
  1804 | D:3      | Reached XP level 6. HP: 33/48 MP: 5/7
  1810 | D:3      | XOM: divination: magic mapping
  1868 | D:3      | Found a shimmering altar of Xom.
  1875 | D:3      | Found a white marble altar of Elyvilon.
  1877 | D:3      | Found an opulent altar of Gozag.
  1878 | D:3      | Found a shadowy altar of Dithmenos.
  1923 | D:3      | Found a sparkling altar of Nemelex Xobeh.
  2174 | D:4      | XOM: confusion
  2186 | D:4      | Reached skill level 1 in Spellcasting
  2240 | D:4      | XOM: god gift: 15 gold pieces
  2261 | D:4      | Reached XP level 7. HP: 54/54 MP: 8/8
  2274 | D:4      | XOM: chaos upgrade
  2415 | D:4      | Found a broken altar of Ashenzari.
  2463 | D:4      | Found a hide-covered altar of Uskayaw.
  2737 | D:4      | XOM: scenery: create altars
  2760 | D:4      | XOM: draining
  2875 | D:4      | Found a blossoming altar of Fedhas.
  3352 | D:5      | Entered Level 5 of the Dungeon
  3356 | D:5      | Learned a level 2 spell: Cigotuvi's Dreadful Rot
  3361 | D:5      | Learned a level 4 spell: Ignite Poison
  3390 | D:5      | Found a glowing golden altar of the Shining One.
  3542 | D:5      | XOM: blink monster(s)
  3550 | D:5      | XOM: silly message
  3572 | D:5      | XOM: divination: magic mapping
  3660 | D:5      | XOM: confuse monster(s)
  3672 | D:5      | Reached XP level 8. HP: 13/61 MP: 10/10
  3736 | D:5      | XOM: divination: detect items
  3912 | D:5      | XOM: confuse monster(s)
  4093 | D:5      | Noticed Prince Ribbit
  4096 | D:5      | XOM: butterfly on damage
  4104 | D:5      | XOM: blink monster(s)
  4119 | D:5      | Killed Prince Ribbit
  4120 | D:5      | Reached skill level 5 in Fighting
  4120 | D:5      | Reached skill level 5 in Axes
  4120 | D:5      | Reached skill level 1 in Necromancy
  4120 | D:5      | Reached skill level 1 in Alchemy
  4276 | D:5      | XOM: scenery: 1 doors open
  4769 | D:6      | Noticed a yak
  4769 | D:6      | Noticed a yak
  4769 | D:6      | Noticed a yak
  4769 | D:6      | Noticed a yak
  4769 | D:6      | Noticed a yak
  4769 | D:6      | Noticed a yak
  4779 | D:6      | XOM: summons 5 friendly demons
  4780 | D:6      | XOM: polymorph ufetubus -> iron imp
  4783 | D:6      | XOM: summons 2 friendly demons
  4784 | D:6      | Killed a yak
  4785 | D:6      | Reached skill level 1 in Shapeshifting
  4789 | D:6      | XOM: summons 3 friendly demons
  4801 | D:6      | Killed a yak
  4802 | D:6      | Reached XP level 9. HP: 38/68 MP: 12/12
  4816 | D:6      | XOM: polymorph yak -> ribbon worm
  4824 | D:6      | XOM: polymorph ribbon worm -> jelly
  4918 | D:5      | XOM: give mutations
  4918 | D:5      | Gained mutation: You are partially covered in iridescent
                  | scales. (AC +2) [Xom's grace]
  4918 | D:5      | Gained mutation: Your natural rate of healing is unusually
                  | fast. [Xom's grace]
  4918 | D:5      | Gained mutation: You are robust. (+10% HP) [Xom's grace]
  4918 | D:5      | Gained mutation: You possess an exceptional clarity of
                  | mind. [Xom's grace]
  4981 | D:6      | Found a sand-covered staircase.
  4991 | Ossuary  | Entered an ossuary
  5018 | Ossuary  | XOM: divination: detect creatures
  5373 | D:6      | Noticed a hornet
  5384 | D:6      | Paralysed by a hornet for 1 turns
  5387 | D:6      | Killed a hornet
  5388 | D:6      | Reached skill level 5 in Armour
  5565 | D:6      | Noticed Dowan
  5574 | D:6      | XOM: scenery: create altars
  5574 | D:6      | Killed Dowan
  5604 | D:6      | Noticed Duvessa
  5605 | D:6      | Duvessa changed into Duvessa the golden eye
  5605 | D:6      | Noticed Duvessa
  5605 | D:6      | XOM: polymorph Duvessa -> Duvessa the golden eye
  5611 | D:6      | Killed Duvessa the golden eye
  5741 | D:6      | XOM: swap monsters
  5744 | D:6      | Reached XP level 10. HP: 77/83 MP: 13/13
  5752 | D:6      | XOM: summons 3 friendly demons
  6089 | D:7      | XOM: 1-stop teleportation journey
  6126 | D:7      | XOM: swap monsters
  6139 | D:7      | XOM: chaos upgrade
  6140 | D:7      | Reached skill level 5 in Dodging
  6150 | D:7      | XOM: smoke on damage
  6168 | D:7      | HP: 3/84 [vampire (17)]
  6171 | D:7      | Slain by an ice beast

Illustrated notes

Levels and vault maps discovered:
D:1:      dpeg_arrival_solitude, layout_rooms
D:2:      layout_basic
D:3:      layout_rooms, nemelex_dance_club_becter,
          chequers_temple_overflow_minitemple, uniq_sigmund, uniq_terence,
          uniq_natasha
D:4:      layout_basic, marbit_many_paths, general_overflow_altar,
          mainiacjoe_overflow_chevrons, serial_glass, glass_columns_a,
          glass_columns_a, due_unseen_surprise, minmay_strange_pillars,
          minmay_strange_pillars, feat_on_display
D:5:      layout_cave_pods, mainiacjoe_overflow_surrounded_room, serial_park,
          serial_park_square2, serial_park_square2, serial_park_tiny_1,
          serial_park_tiny_pond, serial_park_tiny_2, kennysheep_generic_room_11,
          uniq_prince_ribbit1
D:6:      minmay_evil_eye, layout_loops_ring,
          mainiacjoe_ossuary_entry_dusty_tomb, kennysheep_generic_room_13,
          uniq_duvessa
D:7:      layout_loops_corners, minmay_temple_entry_statues_pillars,
          minmay_chambers_of_fives

Skill      XL: |  1  2  3  4  5  6  7  8  9 10 |
---------------+-------------------------------+-----
Dodging        | 1 2 3 4 5 |  5.0
Armour         | 2 3 4 5 |  5.4
Polearms       | 1 2 3 4 |  4.9
Fighting       | 4 5 6 |  6.4
Stealth        | 1 2 |  2.9
Axes           | 4 5 6 |  6.4
Spellcasting   | 1 2 |  2.7
Necromancy     | 1 2 |  2.5
Alchemy        | 1 2 |  2.8
Shapeshifting  | 1 2 |  2.0

Action                     |  1- 3 |  4- 6 |  7- 9 | 10-12 || total
---------------------------+-------+-------+-------+-------++-------
  Melee: Hand axe          |    64 |    50 |   259 |    75 ||   448
         Dagger            |    13 |       |       |       ||    13
         Whip              |    50 |    47 |   248 |    76 ||   421
    Use: Scroll            |       |     5 |     9 |     2 ||    16
         Potion            |       |     3 |     3 |     6 ||    12
   Stab: Sleeping          |     2 |     1 |     5 |     1 ||     9
         Paralysed         |       |     2 |       |       ||     2
         Petrified         |       |       |     5 |       ||     5
         Petrifying        |       |       |     1 |       ||     1
         Confused          |       |       |    10 |     6 ||    16
         Held in net/web   |       |       |     3 |       ||     3
         Distracted        |       |       |     1 |     1 ||     2
 Armour: Leather armour    |    43 |    36 |   169 |       ||   248
         Steam dragon scal |       |       |     1 |    78 ||    79
  Dodge: Dodged            |    40 |    12 |   154 |    47 ||   253

Table legend: (Time is in decaauts)
 A = Elapsed time spent in this place.
 B = Non-inter-level travel time spent in this place.
 C = Inter-level travel time spent in this place.
 D = Time resting spent in this place.
 E = Time spent auto-exploring this place.
 F = Levels seen in this place.
 G = Mean time per level.
                   A        B        C        D        E       F      G
               +--------+--------+--------+--------+--------+-----+--------+
         Total |   6165 |   5868 |    297 |    235 |   4481 |   8 |  770.6 |
       Dungeon |   5935 |   5638 |    297 |    235 |   4380 |   7 |  847.9 |
       Ossuary |    229 |    229 |      0 |      0 |    101 |   1 |  229.0 |
               +--------+--------+--------+--------+--------+-----+--------+

Top non-repeatable levels by time:
     D:5: 1457 daAuts
     D:4: 1395 daAuts
     D:6: 1010 daAuts
     D:2: 870 daAuts
     D:3: 646 daAuts
     D:1: 442 daAuts
 Ossuary: 229 daAuts
     D:7: 112 daAuts
